 Dungeon Crawl Stone Soup version 0.28.0-53-g5a82cb258f (webtiles) character file.

Game seed: 5062557134985293424

7 H0rd4k the Charlatan (level 2, 0/21 HPs)
             Began as a Human Artificer on June 23, 2022.
             Slain by a jackal (1 damage)
             ... on level 1 of the Dungeon.
             The game lasted 00:00:21 (452 turns).

H0rd4k the Charlatan (Human Artificer)               Turns: 452, Time: 00:00:22

Health: 0/21       AC:  3    Str: 12    XL:     2   Next: 5%
Magic:  2/2        EV: 11    Int: 11    God:
Gold:   18         SH:  0    Dex: 13    Spells: 1/1 levels left

rFire   . . .      SeeInvis .   a - +0 club
rCold   . . .      Faith    .   (no shield)
rNeg    . . .      Spirit   .   b - +0 leather armour
rPois   .          Reflect  .   (no helmet)
rElec   .          Harm     .   (no cloak)
rCorr   .          Rampage  .   (no gloves)
Will    .....                   (no boots)
Stlth   +.........              (no amulet)
HPRegen 0.07/turn               (no ring)
MPRegen 0.08/turn               (no ring)

@: no status effects
A: no striking features
a: no special abilities


You were on level 1 of the Dungeon.
You visited 1 branch of the dungeon, and saw 1 of its levels.

You collected 18 gold pieces.

Inventory:

Hand Weapons
 a - a +0 club (weapon)
Armour
 b - a +0 leather armour (worn)
Wands
 c - a wand of flame (15) (quivered)
 d - a wand of charming (14)
Scrolls
 g - a scroll of amnesia {unknown}
Potions
 f - a potion of mutation {unknown}
Miscellaneous
 e - a piece from Xom's chessboard (15/15)


   Skills:
 + Level 1.0 Fighting
 + Level 0.4 Maces & Flails
 - Level 2.0 Armour
 + Level 1.0 Dodging
 - Level 1.0 Stealth
 + Level 3.3 Evocations


You had one spell level left.
You didn't know any spells.
Your spell library was empty.

Dungeon Overview and Level Annotations

Branches:
Dungeon (1/15)

Altars:


Message History

t - Shout!
Orders for allies: a - Attack new target. p - Attack previous target. r - Retreat! s - Stop attacking. g - Guard the area. f - Follow me.
Anything else - Cancel.
Guard this area!
The jackal barely misses your jackal. The jackal misses your jackal.
Your jackal bites the jackal.
The jackal closely misses your jackal.
The jackal bites your jackal but does no damage.
Your jackal closely misses the jackal.
The jackal barely misses your jackal. The jackal misses your jackal.
Your jackal barely misses the jackal.
The jackal barely misses your jackal.
The jackal completely misses your jackal.
Your jackal misses the jackal.
The jackal bites your jackal but does no damage.
The jackal barely misses your jackal.
Your jackal bites the jackal.
The jackal dies!
The jackal bites your jackal.
You have reached level 2!
A frilled lizard comes into view.
You barely miss the jackal. The jackal bites you.
* * * LOW HITPOINT WARNING * * *
The jackal bites you but does no damage.
You closely miss the jackal. The jackal barely misses you.
You closely miss the jackal. The jackal bites you.
* * * LOW HITPOINT WARNING * * *
The jackal bites you.
* * * LOW HITPOINT WARNING * * *
You completely miss the jackal. The jackal closely misses you. x2
You hit the jackal.
The jackal is almost dead.
The jackal bites you but does no damage.
You completely miss the jackal.
The jackal is almost dead.
The jackal barely misses you. The jackal bites you.
* * * LOW HITPOINT WARNING * * *
You closely miss the jackal.
The jackal is almost dead.
The jackal closely misses you. The jackal bites you.
You die...

### .#..
#####∩.....8..∩..♣ #
#..............!..
#.#@#...............
#.###.#h#.#8..∩..♣..♣...
........................
#l....#.#.#.............
#..####.#..8..8..†..♣..∩
...####.###.............
#..............†.......
#.......##h...∩..♣..∩..∩
#.########..............


You could see a jackal.

Vanquished Creatures
  A jackal (D:1)
  A quokka (D:1)
  2 bats (D:1)
  A kobold (D:1)
5 creatures vanquished.

Vanquished Creatures (collateral kills)
  A jackal (D:1)
1 creature vanquished.

Vanquished Creatures (others)
  A jackal (D:1)
1 creature vanquished.

Grand Total: 7 creatures vanquished

Notes
Turn   | Place    | Note
-------+----------+-------------------------------------------
     0 | D:1      | H0rd4k the Human Artificer began the quest for the Orb.
     0 | D:1      | Reached XP level 1. HP: 15/15 MP: 1/1
   416 | D:1      | Found a faded altar of an unknown god.
   440 | D:1      | Reached XP level 2. HP: 7/21 MP: 2/2
   451 | D:1      | HP: 1/21 [jackal (1)]
   452 | D:1      | Slain by a jackal

Illustrated notes

Levels and vault maps discovered:
D:1:      evilmike_arrival_home_sweet_home, layout_basic,
          hellmonk_ecumenical_altar_arch_garden

Action                   || total
-------------------------++-------
Melee: Club              ||    41
Evoke: Wand              ||     1
Armor: Leather armour    ||    19
Dodge: Dodged            ||    35
